 Dungeon Crawl Stone Soup version 0.15.2 (webtiles) character file.

109 MordorOrchid the Cudgeler (level 4, -5/73 HPs)
             Began as an Ogre Berserker on July 1, 2022.
             Was a Believer of Trog.
             Slain by an orc warrior
             ... wielding a +0 mace
              (11 damage)
             ... on Level 2 of the Dungeon.
             The game lasted 00:09:51 (1461 turns).

MordorOrchid the Cudgeler (Ogre Berserker)          Turns: 1461, Time: 00:09:51

HP  -5/73        AC  4     Str 27      XL: 4   Next: 89%
MP   4/4         EV 10     Int  6      God: Trog [**....]
Gold 93          SH  0     Dex 10      Spells:  0 memorised,  3 levels left

rFire  . . .     SeeInvis .     a - +0 mace
rCold  . . .     Clarity  .     b - +0 animal skin
rNeg   . . .     rCorr    .     (shield restricted)
rPois  .         rRot     .     (helmet restricted)
rElec  .         Spirit   .     m - +0 cloak {MR+}
SustAb .         Warding  .     (gloves unavailable)
rMut   .         Stasis   .     (boots unavailable)
Gourm  .                        (no amulet)
MR     +....                    (no ring)
                                (no ring)

@: berserking (expiring), very quick, somewhat resistant to hostile
enchantments, extremely unstealthy
A: unfitting armour, tough skin 1
a: Burn Spellbooks, Berserk, Trog's Hand, Renounce Religion


You were on level 2 of the Dungeon.
You worshipped Trog.
Trog was pleased with you.
You were not hungry.

You visited 1 branch of the dungeon, and saw 3 of its levels.

You collected 93 gold pieces.

Inventory:

Hand weapons
 a - a +0 mace (weapon)
 g - a +0 dagger of speed
 n - a cursed -2 dagger
Missiles
 d - 33 stones (quivered)
 r - 20 sling bullets
Armour
 b - a +0 animal skin (worn)
 m - a +0 cloak of magic resistance (worn)
Magical devices
 l - a wand of magic darts (10)
Comestibles
 c - 3 meat rations
 f - 3 slices of pizza
 h - 3 fruits
 s - a royal jelly
 v - a bread ration
Scrolls
 i - a scroll of blinking {unknown}
 j - a scroll of remove curse
 k - a scroll of recharging
 o - a scroll of teleportation
 q - a scroll of fear {unknown}
 t - a scroll of enchant armour
 u - a scroll of random uselessness
 w - a scroll of immolation {unknown}
Potions
 e - 2 potions of curing


   Skills:
 * Level 4.9 Fighting
 * Level 5.1 Maces & Flails
 * Level 1.8 Throwing
 * Level 3.6 Dodging


You had 3 spell levels left.
You didn't know any spells.

Dungeon Overview and Level Annotations

Branches:
Dungeon (3/15)

Altars:
Trog
Vehumet


Innate Abilities, Weirdness & Mutations

You are too large for most types of armour.
You have tough skin (AC +1).


Message History

You feel yourself moving faster!
You feel mighty!
You feel somewhat more hungry. The orc warrior completely misses you.
You hit the orc warrior.
The orc warrior is lightly wounded.
You completely miss the orc warrior.
The orc warrior is lightly wounded.
The orc warrior barely misses you.
You hit the orc warrior.
The orc warrior is lightly wounded.
The orc warrior hits you with a mace.
You barely miss the orc warrior.
The orc warrior is lightly wounded.
You sock the orc warrior!
The orc warrior is heavily wounded.
The orc warrior hits you with a mace!!
* * * LOW HITPOINT WARNING * * *
You sock the orc warrior!
The orc warrior is almost dead.
The orc warrior hits you with a mace!
You die...

.# ### #.... ##
#####. ####
########### #.....
...#
#.........###.###.
##.#### #.#
#.##...... .......
#.# #.##..#...
##.###. #.#
#####.##...... #
#.# #.............
.#
#@###.###.##.#....
##
#o........##.##...
... .
####...#####......
### #.#
#.....#########.
#.# #........# #.
# #.# ##.....#.#
##' ## #.#
####...##.######..
.## #.#
#............##...
..## ##.##
#.####..#.##.#....


You could see an orc warrior.

Vanquished Creatures
  3 gnolls (D:2)
  4 adders
  A worm (D:3)
  2 giant geckos
  An ooze (D:2)
  A giant cockroach (D:1)
  9 hobgoblins
  7 kobolds
  A quokka (D:3)
  4 bats
  2 giant newts
  4 rats
39 creatures vanquished.

Notes
Turn   | Place    | Note
--------------------------------------------------------------
     0 | D:1      | MordorOrchid, the Ogre Berserker, began the quest for the Orb.
     0 | D:1      | Reached XP level 1. HP: 24/24 MP: 1/1
   122 | D:1      | Reached XP level 2. HP: 16/32 MP: 2/2
   266 | D:1      | Acquired Trog's second power
   386 | D:2      | Found a radiant altar of Vehumet.
   394 | D:2      | Reached XP level 3. HP: 19/40 MP: 3/3
   395 | D:2      | Reached skill level 1 in Throwing
   585 | D:2      | Reached skill level 5 in Maces & Flails
   618 | D:2      | Reached XP level 4. HP: 14/49 MP: 4/4
   853 | D:3      | Noticed an orc warrior
  1270 | D:3      | Found a bloodstained altar of Trog.
  1461 | D:2      | Slain by an orc warrior

Action                   |  1- 3 |  4- 6 || total
-------------------------+-------+-------++-------
Melee: Mace              |    89 |    35 ||   124
Throw: Stone             |    12 |    32 ||    44
Invok: Berserk           |     1 |     1 ||     2
  Use: Scroll            |     2 |     5 ||     7
  Eat: Chunk             |       |     2 ||     2
       Beef jerky        |       |     1 ||     1
